 Dungeon Crawl Stone Soup version 0.20-a0-1116-gaa52201 (webtiles) character file.

167 Duffy the Protected (level 5, -5/47 HPs)
             Began as a Gnoll Wanderer on May 9, 2017.
             Killed by divine providence
             ... invoked by an orc priest
              (15 damage)
             ... on level 3 of the Dungeon.
             The game lasted 00:02:25 (2177 turns).

Duffy the Protected (Gnoll Wanderer)                Turns: 2177, Time: 00:02:26

Health: -5/47      AC: 12    Str: 13    XL:     5   Next: 48%
Magic:  6/6        EV:  9    Int: 13    God:
Gold:   37         SH:  0    Dex: 12    Spells: 4/4 levels left

rFire    . . .     SeeInvis .   p - +0 hand axe
rCold    . . .     Gourm    .   (no shield)
rNeg     . . .     Faith    .   a - +2 scale mail
rPois    .         Spirit   .   j - +2 hat
rElec    .         Reflect  .   (no cloak)
rCorr    .         Harm     .   (no gloves)
MR       .....                  (no boots)
Stlth    ..........             (no amulet)
Regen    0.2/turn               (no ring)
MPRegen  0.1/turn               (no ring)

@: lethally poisoned (-5 -> -10), slowed, very slow
A: short attention span, fangs 1, strong nose
a: no special abilities


You were on level 3 of the Dungeon.
You were not hungry.

You visited 1 branch of the dungeon, and saw 3 of its levels.

You collected 37 gold pieces.

Inventory:

Hand Weapons
 p - a +0 hand axe (weapon)
Armour
 a - a +2 scale mail (worn)
 j - a +2 hat (worn)
Jewellery
 g - an uncursed ring of ice
Scrolls
 c - a scroll of amnesia {unknown}
 d - 2 scrolls of teleportation
 e - a scroll of magic mapping {unknown}
 k - a scroll of random uselessness {unknown}
 l - a scroll of fear {unknown}
 m - 3 scrolls of enchant weapon {unknown}
 n - a scroll of blinking {unknown}
 q - a scroll of identify {unknown}
 r - a scroll of immolation {unknown}
Potions
 h - a potion of berserk rage {unknown}
 i - a potion of degeneration {unknown}
 o - a potion of haste {unknown}
Comestibles
 b - 3 chunks of flesh
 f - 3 bread rations


   Skills:
 + Level 6.3 Fighting
 + Level 3.8 Axes
   Level 2.4 Bows
 - Level 8.2 Armour
 - Level 1.5 Stealth
   Level 1.7 Evocations


You had 4 spell levels left.
You didn't know any spells.

Dungeon Overview and Level Annotations

Branches:
Dungeon (3/15)

Altars:


Innate Abilities, Weirdness & Mutations

You have a short attention span.
You have very sharp teeth.
Your uncanny sense of smell can sniff out nearby items.


Message History

You are too injured to fight recklessly!
You are too injured to fight recklessly!
You are too injured to fight recklessly!
You are too injured to fight recklessly!
You are too injured to fight recklessly!
You are too injured to fight recklessly!
You are too injured to fight recklessly!
You hit the orc priest.
The orc priest is heavily wounded.
You hit the orc.
You feel sick.
The orc priest hits you but does no damage.
The orc closely misses you. The orc priest barely misses you.
You hit the orc priest.
The orc priest is severely wounded.
You hit the orc.
You feel sick. The orc hits you.
The orc priest hits you but does no damage.
The orc hits you but does no damage.
The orc priest invokes the aid of Beogh against you.
Beogh smites you!
You die...

.............#
..%..........
............
........... #
.......... { .#
.....Koo. { #.##
.....ooo# ..... ##
#@## #.#... .#####.
#..##..... .......
##....# #......
##..##
#......#####%###.#
#........(%..?...##
###..#.)...<.)......
#. #.#..%...###...
......#...### ##


You could see 2 orc priests, 3 orcs and a kobold.

Vanquished Creatures
  Natasha (thrice) (D:2)
  3 gnolls
  An adder (D:2)
  2 dart slugs (D:1)
  9 bats
  2 giant cockroaches
  5 goblins
  6 hobgoblins
  8 jackals (D:3)
  A ball python (D:2)
  A frilled lizard (D:1)
  8 kobolds
  3 plants (D:2)
52 creatures vanquished.

Notes
Turn   | Place    | Note
-------+----------+-------------------------------------------
     0 | D:1      | Duffy the Gnoll Wanderer began the quest for the Orb.
     0 | D:1      | Duffy set off with: a +2 scale mail, a +0 shortbow, 24 arrows, a scroll of teleportation, a bread ration
     0 | D:1      | Reached XP level 1. HP: 16/16 MP: 2/2
   216 | D:1      | Reached XP level 2. HP: 21/23 MP: 3/3
   670 | D:1      | Reached XP level 3. HP: 30/30 MP: 4/4
  1104 | D:2      | Reached skill level 1 in Axes
  1226 | D:2      | Reached XP level 4. HP: 38/38 MP: 5/5
  1285 | D:2      | Reached skill level 5 in Fighting
  1551 | D:2      | Noticed Natasha
  1561 | D:2      | Killed Natasha
  1655 | D:2      | Noticed Natasha
  1664 | D:2      | Killed Natasha
  1664 | D:2      | Reached XP level 5. HP: 44/46 MP: 6/6
  1757 | D:2      | Noticed Natasha
  1772 | D:2      | Killed Natasha
  2177 | D:3      | Killed from afar by an orc priest

Vault maps used:
D:1:      grunt_arrival_lava_bath
D:2:      first_bread, wad_woods_river_04, uniq_natasha
D:3:      overflow_temple_1_default, kennysheep_crisscross

Skill      XL: |  1  2  3  4 |
---------------+-------------+-----
Bows           | 2 |  2.4
Fighting       | 2 4 6 |  6.3
Axes           | 1 3 |  3.8
Armour         | |  8.2
Stealth        | |  1.5
Evocations     | |  1.7

Action                   |  1- 3 |  4- 6 || total
-------------------------+-------+-------++-------
Melee: Hand axe          |    28 |   197 ||   225
       Bite              |     2 |    25 ||    27
 Fire: Shortbow          |    59 |       ||    59
  Eat: Chunk             |     1 |     4 ||     5
Armor: Scale mail        |    26 |    79 ||   105
Dodge: Dodged            |    41 |    78 ||   119
